% Time on Ice - SAN DIEGO THUNDER
Lines # - Real PCT - Wanted PCT - Time Play
Normal Forward
1 - 35% - 34% - 15:09
2 - 33% - 34% - 14:10
3 - 21% - 22% - 8:56
4 - 11% - 10% - 4:58
Normal Defense
1 - 31% - 34% - 13:18
2 - 34% - 32% - 14:49
3 - 33% - 24% - 14:14
4 - 2% - 10% - 0:52
PP Forward
1 - 49% - 55% - 4:05
2 - 51% - 45% - 4:15
PP Defense
1 - 47% - 55% - 3:54
2 - 53% - 45% - 4:26
PK Forward
1 - 67% - 55% - 4:12
2 - 33% - 45% - 2:03
PK Defense
1 - 66% - 55% - 4:07
2 - 34% - 45% - 2:08
PK3 Forward
1 - 0% - 55%
2 - 0% - 45%
PK3 Defense
1 - 0% - 55%
2 - 0% - 45%
44 Forward
1 - 57% - 55% - 1:08
2 - 43% - 45% - 0:51
44 Defense
1 - 34% - 55% - 0:41
2 - 66% - 45% - 1:18
Last Minute Offensive  - 0:13
Last Minute Defensive  - 0:00
Total
Forward - 60:00
Defense - 60:00
% Time on Ice - COLORADO GLACIERCATS
Lines # - Real PCT - Wanted PCT - Time Play
Normal Forward
1 - 32% - 35% - 13:59
2 - 30% - 35% - 12:57
3 - 27% - 25% - 11:31
4 - 11% - 5% - 4:38
Normal Defense
1 - 36% - 40% - 15:36
2 - 34% - 38% - 14:39
3 - 30% - 22% - 12:50
4 - 0% - 0% - 0:00
PP Forward
1 - 37% - 50% - 2:17
2 - 63% - 50% - 3:58
PP Defense
1 - 60% - 55% - 3:46
2 - 40% - 45% - 2:29
PK Forward
1 - 48% - 50% - 3:58
2 - 52% - 50% - 4:22
PK Defense
1 - 57% - 50% - 4:44
2 - 43% - 50% - 3:36
PK3 Forward
1 - 0% - 55%
2 - 0% - 45%
PK3 Defense
1 - 0% - 50%
2 - 0% - 50%
44 Forward
1 - 36% - 50% - 0:43
2 - 64% - 50% - 1:16
44 Defense
1 - 64% - 50% - 1:16
2 - 36% - 50% - 0:43
Last Minute Offensive  - 0:00
Last Minute Defensive  - 0:21
Total
Forward - 60:00
Defense - 60:00
Play-by-Play 1st period 0:01 of 1st period - Patrice Bergeron wins face-off versus Logan Couture in neutral zone. 1:16 of 1st period - Off-side. 1:17 of 1st period - Jean-Gabriel Pageau wins face-off versus Paul Byron in neutral zone. 1:55 of 1st period - Shot by Paul Byron. 1:55 of 1st period - Shot Misses the Net. 1:57 of 1st period - Shot by Lucas Wallmark. 1:57 of 1st period - Stopped by Connor Hellebuyck with a rebound. 2:07 of 1st period - Shot by Jordan Staal. 2:07 of 1st period - Shot Misses the Net. 2:10 of 1st period - Icing by Charles McAvoy. 2:11 of 1st period - Jordan Staal wins face-off versus Jean-Gabriel Pageau in SAN DIEGO THUNDER zone. 3:01 of 1st period - Shot by Bo Horvat. 3:01 of 1st period - Shot Misses the Net. 3:05 of 1st period - Shot by Ryan Dzingel. 3:05 of 1st period - Stopped by Pekka Rinne without a rebound. 3:06 of 1st period - Jay Beagle wins face-off versus Jared McCann in COLORADO GLACIERCATS zone. 3:10 of 1st period - Off-side. 3:11 of 1st period - Jared McCann wins face-off versus Jay Beagle in neutral zone. 3:20 of 1st period - Shot by Jared McCann. 3:20 of 1st period - Stopped by Pekka Rinne without a rebound. 3:21 of 1st period - Logan Couture wins face-off versus Patrice Bergeron in COLORADO GLACIERCATS zone. 3:27 of 1st period - Icing by Patrice Bergeron. 3:28 of 1st period - Logan Couture wins face-off versus Patrice Bergeron in COLORADO GLACIERCATS zone. 4:12 of 1st period - Off-side. 4:13 of 1st period - Bo Horvat wins face-off versus Lucas Wallmark in neutral zone. 4:34 of 1st period - Shot by Evander Kane. 4:34 of 1st period - Stopped by Pekka Rinne without a rebound. 4:35 of 1st period - Jared McCann wins face-off versus Jordan Staal in COLORADO GLACIERCATS zone. 4:38 of 1st period - Shot by Jared McCann. 4:38 of 1st period - Shot Blocked by Jordan Staal. 4:52 of 1st period - Shot by Dominik Kahun. 4:52 of 1st period - Shot Misses the Net. 4:54 of 1st period - Shot by Alexander Edler. 4:54 of 1st period - Stopped by Pekka Rinne with a rebound. 4:56 of 1st period - Shot by Alexander Edler. 4:56 of 1st period - Stopped by Pekka Rinne without a rebound. 4:57 of 1st period - Lucas Wallmark wins face-off versus Ryan Dzingel in COLORADO GLACIERCATS zone. 5:04 of 1st period - John Klingberg is hit by Evander Kane and loses puck. 5:09 of 1st period - Connor Murphy is hit by Paul Byron. 6:20 of 1st period - Brayden Schenn is hit by Connor Murphy and loses puck. 6:27 of 1st period - Shot by Jordan Staal. 6:27 of 1st period - Shot Misses the Net. 6:53 of 1st period - Shot by Artemi Panarin. 6:53 of 1st period - Stopped by Connor Hellebuyck without a rebound. 6:54 of 1st period - Logan Couture wins face-off versus Jay Beagle in SAN DIEGO THUNDER zone. 7:24 of 1st period - Icing by John Klingberg. 7:25 of 1st period - Zach Aston-Reese wins face-off versus Jean-Gabriel Pageau in COLORADO GLACIERCATS zone. 8:03 of 1st period - Minor Penalty to Patrice Bergeron for Holding. 8:04 of 1st period - Logan Couture wins face-off versus Lucas Wallmark in COLORADO GLACIERCATS zone. 8:25 of 1st period - Shot by Nikita Kucherov. 8:25 of 1st period - Stopped by Pekka Rinne without a rebound. 8:26 of 1st period - Logan Couture wins face-off versus Jordan Staal in COLORADO GLACIERCATS zone. 9:03 of 1st period - Shot by Carl Hagelin. 9:03 of 1st period - Deflect By Lucas Wallmark. 9:03 of 1st period - Stopped by Connor Hellebuyck without a rebound. 9:04 of 1st period - Bo Horvat wins face-off versus Lucas Wallmark in SAN DIEGO THUNDER zone. 10:26 of 1st period - Shot by Dominik Kahun. 10:26 of 1st period - Shot Misses the Net. 11:23 of 1st period - Logan Couture is hit by Mark Giordano and loses puck. 12:12 of 1st period - Icing by John Klingberg. 12:13 of 1st period - Brayden Schenn wins face-off versus Bo Horvat in COLORADO GLACIERCATS zone. 13:06 of 1st period - Icing by Radko Gudas. 13:07 of 1st period - Bo Horvat wins face-off versus Lucas Wallmark in SAN DIEGO THUNDER zone. 13:19 of 1st period - Minor Penalty to Daniel Girardi for Interference. 13:19 of 1st period - Minor Penalty to David Perron for Hooking. 13:20 of 1st period - Joe Pavelski wins face-off versus Logan Couture in COLORADO GLACIERCATS zone. 13:24 of 1st period - Off-side. 13:25 of 1st period - Logan Couture wins face-off versus Patrice Bergeron in neutral zone. 13:46 of 1st period - Shot by Nikita Kucherov. 13:46 of 1st period - Stopped by Pekka Rinne without a rebound. 13:47 of 1st period - Joe Pavelski wins face-off versus Logan Couture in COLORADO GLACIERCATS zone. 14:24 of 1st period - Shot by Mikael Granlund. 14:24 of 1st period - Stopped by Connor Hellebuyck without a rebound. 14:25 of 1st period - Bo Horvat wins face-off versus Patrice Bergeron in SAN DIEGO THUNDER zone. 14:25 of 1st period - Bo Horvat is hit by Patrice Bergeron. 15:28 of 1st period - Lucas Wallmark is hit by Radko Gudas and loses puck. 15:47 of 1st period - Shot by Paul Byron. 15:47 of 1st period - Shot Misses the Net. 15:49 of 1st period - Shot by Lucas Wallmark. 15:49 of 1st period - Deflect By Paul Byron. 15:49 of 1st period - Stopped by Connor Hellebuyck without a rebound. 15:50 of 1st period - Logan Couture wins face-off versus Jay Beagle in SAN DIEGO THUNDER zone. 16:16 of 1st period - Logan Couture is hit by Zach Aston-Reese and loses puck. 16:26 of 1st period - Nikita Kucherov is hit by Ryan Ellis and loses puck. 17:00 of 1st period - Off-side. 17:01 of 1st period - Jordan Staal wins face-off versus Jean-Gabriel Pageau in neutral zone. 17:32 of 1st period - Jean-Gabriel Pageau is hit by Daniel Girardi and loses puck. 17:41 of 1st period - Shot by Josh Anderson. 17:41 of 1st period - Stopped by Pekka Rinne without a rebound. 17:42 of 1st period - Logan Couture wins face-off versus Patrice Bergeron in COLORADO GLACIERCATS zone. 17:42 of 1st period - Logan Couture is hit by Shea Weber. 18:05 of 1st period - Nikita Kucherov is hit by John Klingberg and loses puck. 18:47 of 1st period - Off-side. 18:48 of 1st period - Jordan Staal wins face-off versus Bo Horvat in neutral zone. 19:05 of 1st period - Shot by Joe Pavelski. 19:05 of 1st period - Shot Misses the Net. 19:07 of 1st period - Shot by Brayden Schenn. 19:07 of 1st period - Shot Misses the Net. 19:50 of 1st period - Bo Horvat is hit by Daniel Girardi and loses puck. Goals for this period